AoeStats
← BombaKladSon

Nomad

508050853Analyzed
4v4 RM · 11d ago on Sep 20, 2026· 47m 37s· 8 players
Game mode
Random Map
Map size
231×231
Population
200
Speed
Normal
Resources
Standard
Victory
Conquest
Starting age
Dark Age
Ending age
Imperial Age
RankedLock teamsTeams togetherTeam positionsShared explorationLock speedFull tech treeHidden civsTurbo modeCheats
Victory
Defeat
🇹🇷 Italians · Türkiye
1070
+12
🇹🇷 Wu · Türkiye
1043
+13
🇹🇷 Japanese · Türkiye
994
+15
🇹🇷 Malay · Türkiye
928
+18
🇳🇱 Saracens · Netherlands
1013
-16
🇲🇹 Japanese · Malta
1012
-16
🇺🇸 Wei · United States
931
-13
🇫🇷 Magyars · France
931
-13
BombaKladSon
16:59 Feudal Age
22:21 Double-Bit Axe
22:29 Stone Mining
22:29 Horse Collar
25:29 Castle Age
24:50 Gold Mining
26:20 Bow Saw
28:41 Wheelbarrow
32:47 Hand Cart
33:08 Heavy Plow
33:51 Gold Shaft Mining
33:35 Husbandry
35:10 Forging
36:04 Scale Barding Armor
36:45 Iron Casting
37:08 Loom
37:09 Town Watch
37:38 Bloodlines
39:03 Crossbowman
39:49 Thumb Ring
42:33 Imperial Age
39:57 Fletching
40:08 Padded Archer Armor
41:36 Bodkin Arrow
43:31 Heavy Camel Rider
44:26 Bracer
45:17 Arbalester
45:22 Light Cavalry
47:19 Chemistry
Saryle
12:04 Loom
17:44 Feudal Age
18:10 Man-at-Arms
19:03 Fishing Lines
19:16 Double-Bit Axe
19:20 Horse Collar
20:33 Town Watch
21:24 Wheelbarrow
21:24 Stone Mining
23:41 Scale Mail Armor
23:42 Padded Archer Armor
23:48 Scale Barding Armor
26:42 Castle Age
25:35 Bloodlines
28:25 Pikeman
32:42 Medium Warships
34:35 Chain Barding Armor
35:26 Corvinian Army
42:28 Hand Cart
46:21 Imperial Age
liviescu
4:18 Loom
16:23 Feudal Age
16:55 Fishing Lines
17:28 Double-Bit Axe
19:57 Town Watch
20:39 Gold Mining
20:33 Horse Collar
20:45 Stone Mining
24:15 Castle Age
22:38 Arson
25:43 Medium Warships
26:52 Gold Shaft Mining
26:38 Bow Saw
26:32 Heavy Plow
27:09 Town Patrol
29:12 Wheelbarrow
29:00 Squires
28:21 Pikeman
29:58 Gillnets
31:09 Caravan
32:33 Hand Cart
32:54 Elite Skirmisher
38:08 Imperial Age
36:57 Fletching
37:08 Padded Archer Armor
38:01 Scale Mail Armor
38:12 Forging
39:38 Conscription
42:39 Iron Casting
42:29 Elite Samurai
45:32 Hoardings
47:33 Two-Man Saw
48:43 Chemistry
48:04 Ballistics
Surfer's Gambit
6:35 Loom
19:00 Feudal Age
19:38 Fishing Lines
19:45 Double-Bit Axe
20:39 Wheelbarrow
19:52 Town Watch
23:32 Gold Mining
24:24 Horse Collar
25:44 Stone Mining
28:00 Castle Age
30:45 Heavy Plow
31:01 Bow Saw
muhammedgulerydo
4:04 Loom
15:16 Feudal Age
19:40 Castle Age
17:32 Double-Bit Axe
17:41 Stone Mining
18:04 Gold Mining
18:11 Fishing Lines
19:45 Fletching
19:57 Padded Archer Armor
20:56 Bow Saw
21:26 Wheelbarrow
20:51 Bodkin Arrow
21:03 Gillnets
21:24 Medium Warships
21:55 Stone Shaft Mining
21:59 Leather Archer Armor
23:52 Hand Cart
31:10 Imperial Age
28:26 Town Watch
31:22 Ballistics
30:53 Heated Shot
30:44 Treadmill Crane
31:16 Masonry
31:01 Murder Holes
31:17 Fortified Wall
33:34 Two-Man Saw
33:45 Chemistry
32:56 Fortified Wall
32:38 Guard Tower
35:50 Careening
35:51 Clinker Construction
35:49 Siphons
35:40 Murder Holes
35:32 Arrowslits
36:57 Bracer
38:06 Heavy Warships
42:53 Ring Archer Armor
46:16 Conscription
46:32 Hoardings
46:30 Architecture
47:07 Scale Barding Armor
47:03 Scale Mail Armor
47:13 Forging
dgn.cihat
3:28 Loom
4:37 Loom
15:53 Feudal Age
16:21 Double-Bit Axe
16:31 Fishing Lines
17:03 Gold Mining
21:17 Castle Age
19:02 Man-at-Arms
19:40 Stone Mining
22:02 Gillnets
22:30 Thumb Ring
23:00 Bow Saw
24:14 Gold Shaft Mining
23:21 Horse Collar
25:14 Medium Warships
25:42 Wheelbarrow
25:44 Squires
26:41 Heavy Plow
27:12 Fletching
27:22 Padded Archer Armor
27:29 Scale Barding Armor
27:27 Town Watch
28:04 Hand Cart
30:29 Bloodlines
30:19 Husbandry
30:25 Gambesons
30:01 Long Swordsman
31:00 Bodkin Arrow
31:25 Chain Barding Armor
31:21 Leather Archer Armor
32:37 Ballistics
31:59 Treadmill Crane
36:45 Imperial Age
34:04 Elite Skirmisher
34:09 Light Cavalry
35:57 Caravan
37:52 Conscription
38:12 Hoardings
37:01 Capped Ram
38:50 Chemistry
37:46 Murder Holes
37:56 Siege Engineers
38:41 Heavy Scorpion
39:14 Crossbowman
40:22 Parthian Tactics
39:18 Heavy Cavalry Archer
41:30 Arbalester
43:46 Murder Holes
44:02 Masonry
46:00 Town Patrol
46:21 Bracer
46:31 Forging
Kemalius
7:02 Loom
16:00 Feudal Age
16:32 Double-Bit Axe
20:43 Castle Age
19:17 Fishing Lines
20:29 Scale Mail Armor
20:40 Forging
21:52 Chain Mail Armor
21:42 Squires
21:27 Arson
24:05 Bow Saw
31:05 Horse Collar
32:13 Heavy Plow
33:09 Town Watch
33:22 Gillnets
34:08 Red Cliffs Tactics
40:18 Imperial Age
38:40 Iron Casting
41:26 Conscription
42:06 Sitting Tiger
45:12 Plate Mail Armor
45:42 Blast Furnace
48:49 Chemistry
48:10 Ballistics
Luffy
5:52 Loom
14:50 Feudal Age
14:31 Double-Bit Axe
18:10 Wheelbarrow
18:06 Fishing Lines
22:45 Castle Age
21:34 Forging
22:50 Fletching
23:54 Horse Collar
25:08 Hand Cart
24:58 Gillnets
25:50 Medium Warships
26:16 Bow Saw
27:30 Heavy Plow
28:03 Bodkin Arrow
28:44 Iron Casting
28:03 Gold Mining
28:04 Stone Mining
31:29 Ballistics
35:04 Imperial Age
33:29 Murder Holes
33:45 Masonry
35:02 Crop Rotation
35:07 Heavy Warships
35:49 Bracer
36:49 Blast Furnace
37:31 Forced Levy
39:29 Padded Archer Armor
40:45 Chemistry
40:25 Caravan
40:49 Man-at-Arms
41:16 Arson
41:39 Long Swordsman
43:25 Two-Handed Swordsman
43:45 Elite Cannon Galleon
45:38 Capped Ram
Connection lost

Rejoining the realm…

Still unreachable

The connection could not be restored.

Session expired

The server has moved on; the page needs a fresh start.